 Dungeon Crawl Stone Soup version 0.28-a0-1387-g3a22ab9bdc (webtiles) character file.

Game seed: 7099096111389609319

33 Deminshera the Shooter (level 3, -2/28 HPs)
             Began as a Demonspawn Hunter on Jan 2, 2022.
             Killed from afar by Sigmund (6 damage)
             ... with a magic dart
             ... on level 2 of the Dungeon.
             The game lasted 00:01:14 (1268 turns).

Deminshera the Shooter (Demonspawn Hunter)          Turns: 1268, Time: 00:01:15

Health: -2/28      AC:  6    Str: 14    XL:     3   Next: 12%
Magic:  3/3        EV: 11    Int: 12    God:
Gold:   60         SH:  0    Dex: 13    Spells: 2/2 levels left

rFire   . . .      SeeInvis .   b - +0 short sword
rCold   . . .      Faith    .   (no shield)
rNeg    . . .      Spirit   .   k - +0 ring mail
rPois   .          Reflect  .   (no helmet)
rElec   .          Harm     .   l - +0 cloak
rCorr   .          Rampage  .   (no gloves)
Will    .....                   (no boots)
Stlth   ..........              (no amulet)
HPRegen 0.09/turn               (no ring)
MPRegen 0.08/turn               (no ring)

@: confused
A: hooves 1
a: no special abilities


You were on level 2 of the Dungeon.
You visited 1 branch of the dungeon, and saw 2 of its levels.

You collected 60 gold pieces.

Inventory:

Hand Weapons
 a - a +1 shortbow
 b - a +0 short sword (weapon)
Missiles
 d - 3 arrows
Armour
 c - a +0 leather armour
 k - a +0 ring mail (worn)
 l - a +0 cloak (worn)
Scrolls
 e - a scroll of fog {unknown}
 h - 2 scrolls of immolation {unknown}
 j - a scroll of summoning {unknown}
Potions
 f - a potion of cancellation {unknown}
 g - 4 potions of mutation {unknown}
 i - a potion of degeneration {unknown}


   Skills:
 + Level 2.5 Fighting
 + Level 3.9 Bows
 - Level 2.0 Dodging
 + Level 1.7 Stealth


You had 2 spell levels left.
You didn't know any spells.
Your spell library was empty.

Dungeon Overview and Level Annotations

Branches:
Dungeon (2/15)

Altars:

Annotations:
D:2 Sigmund


Innate Abilities, Weirdness & Mutations

You have large cloven feet.


Message History

Aim: Sigmund, wielding a +0 scythe and wearing a +0 robe (heavily wounded, 57% to hit)
You shoot an arrow. The arrow hits Sigmund.
Sigmund is heavily wounded.
Fire: 9 arrows
Press: ? - help, Q - select action Shift-Dir - straight line, f/p - Sigmund
Aim: Sigmund, wielding a +0 scythe and wearing a +0 robe (heavily wounded, 57% to hit)
You shoot an arrow. The arrow hits Sigmund!
Sigmund is severely wounded.
Sigmund hits you from afar with a +0 scythe!
* * * LOW HITPOINT WARNING * * *
Fire: 8 arrows
Press: ? - help, Q - select action Shift-Dir - straight line, f/p - Sigmund
Aim: Sigmund, wielding a +0 scythe and wearing a +0 robe (severely wounded, 57% to hit)
You shoot an arrow.
The arrow hits Sigmund but does no damage.
Sigmund is severely wounded.
Sigmund points at you and mumbles some strange words.
You are confused.
Non-targeted confused fire: 7 arrows
Press: ? - help, Q - select action Dir - look around, f - activate You shoot an arrow.
Sigmund closely misses you.
Non-targeted confused fire: 6 arrows
Press: ? - help, Q - select action Dir - look around, f - activate You shoot an arrow.
Sigmund hits you from afar with a +0 scythe.
* * * LOW HITPOINT WARNING * * *
Non-targeted confused fire: 5 arrows
Press: ? - help, Q - select action Dir - look around, f - activate You shoot an arrow.
Non-targeted confused fire: 4 arrows
Press: ? - help, Q - select action Dir - look around, f - activate You shoot an arrow.
Sigmund hits you but does no damage.
You are already wielding that!
b - a +0 short sword (weapon)
Sigmund barely misses you.
Sigmund points at you and mumbles some strange words.
The magic dart hits you.
You die...

.#######################
.......................#
.......................#
.######†########...(.<.#
#.########.......#
#@.@.((.##########
#######.# .. ... ... @(
.


You could see Sigmund.

Vanquished Creatures
  A dart slug (D:1)
  7 ball pythons (D:1)
  A bat (D:1)
  4 endoplasms (D:1)
  2 giant cockroaches (D:1)
  4 hobgoblins (D:1)
  4 kobolds (D:1)
  4 frilled lizards
  A rat (D:1)
28 creatures vanquished.

Notes
Turn   | Place    | Note
-------+----------+-------------------------------------------
     0 | D:1      | Deminshera the Demonspawn Hunter began the quest for the
                  | Orb.
     0 | D:1      | Reached XP level 1. HP: 16/16 MP: 1/1
    80 | D:1      | Reached skill level 1 in Stealth
   226 | D:1      | Discovered your monstrous ancestry.
   226 | D:1      | Gained mutation: You have large cloven feet. [demonic
                  | ancestry]
   226 | D:1      | Reached XP level 2. HP: 22/22 MP: 2/2
   789 | D:1      | Reached XP level 3. HP: 28/28 MP: 3/3
  1246 | D:2      | Noticed Sigmund
  1268 | D:2      | Killed from afar by Sigmund

Illustrated notes

Levels and vault maps discovered:
D:1:      lightli_arrival_chessboard, layout_loops_corners,
          amcnicky_mini_pool_small, amcnicky_mini_rare_corridor_liquid,
          minmay_splitting_lines
D:2:      kb_forest_paths, layout_rooms, shapermc_ecumenical_altar_mp_vishouse,
          uniq_sigmund

Skill      XL: |  1 |
---------------+----+-----
Stealth        | 1 |  1.7
Dodging        | 2 |  2.0
Fighting       | |  2.5
Bows           | |  3.9

Action                   || total
-------------------------++-------
 Fire: Shortbow          ||    73
Armor: Leather armour    ||     2
       Ring mail         ||     1
Dodge: Dodged            ||    14

Table legend: (Time is in decaauts)
 A = Elapsed time spent in this place.
 B = Non-inter-level travel time spent in this place.
 C = Inter-level travel time spent in this place.
 D = Time resting spent in this place.
 E = Time spent auto-exploring this place.
 F = Levels seen in this place.
 G = Mean time per level.
                   A        B        C        D        E       F      G
               +--------+--------+--------+--------+--------+-----+--------+
         Total |   1275 |   1169 |    106 |      0 |    996 |   2 |  637.5 |
       Dungeon |   1275 |   1169 |    106 |      0 |    996 |   2 |  637.5 |
               +--------+--------+--------+--------+--------+-----+--------+

Top non-repeatable levels by time:
     D:1: 1227 daAuts
     D:2: 48 daAuts
